 Dungeon Crawl Stone Soup version 0.31.0-9-g3a7656b989 (console) character file.

Game seed: 7614764658397626138

247 Sadicadict the Chopper (level 5, -7/47 HPs)
             Began as a Minotaur Fighter on Feb 6, 2024.
             Incinerated by a bombardier beetle (11 damage)
             ... with a burning spray
             ... on level 2 of the Dungeon.
             The game lasted 00:08:16 (1987 turns).

Sadicadict the Chopper (Minotaur Fighter)           Turns: 1987, Time: 00:08:40

Health: -7/47      AC: 12    Str: 22    XL:     5   Next: 85%
Magic:  4/4        EV:  6    Int:  5    God:
Gold:   79         SH:  0    Dex: 10    Spells: 4/4 levels left

rFire   . . .        a - +0 war axe
rCold   . . .        c - +0 buckler
rNeg    . . .        l - +0 plate armour
rPois   .            (helmet restricted)
rElec   .            (no cloak)
rCorr   .            (no gloves)
SInv    .            (no boots)
Will    .....        (no amulet) Stlth
                     (no ring)
HPRegen 0.27/turn    (no ring)
MPRegen 0.09/turn

%: no passive effects
@: confused, on fire, ambrosia-drunk, slowed, glowing, very slow
A: horns 2, retaliatory headbutt
a: no special abilities


You were on level 2 of the Dungeon.
You visited 1 branch of the dungeon, and saw 3 of its levels.

You collected 79 gold pieces.

Inventory:

Hand Weapons
 a - a +0 war axe (weapon)
Armour
 c - a +0 buckler (worn)
 l - a +0 plate armour (worn)
Wands
 n - a wand of paralysis (9)
Scrolls
 e - a scroll of noise
 g - 2 scrolls of brand weapon {unknown}
 i - a scroll of torment {unknown}
 j - a scroll of amnesia {unknown}
 m - a scroll of fear {unknown}
 o - a scroll of enchant weapon {unknown}
Potions
 d - a potion of might
 f - a potion of mutation {unknown}
 h - a potion of invisibility {unknown}
 k - a potion of resistance {unknown}


   Skills:
 - Level 4.4 Fighting
 * Level 5.1 Axes
 - Level 4.7 Armour
 - Level 0.4 Dodging
 - Level 0.8 Stealth
 - Level 4.8 Shields


You had 4 spell levels left.
You didn't know any spells.
Your spell library contained the following spells:

 Spells                   Type           Power      Damage    Failure   Level
 Slow                     Hex            0%         N/A       100%        1
 Static Discharge         Conj/Air       0%         3-3/arc   100%        2
 Call Canine Familiar     Summ           0%         N/A       100%        3
 Confusing Touch          Hex            0%         N/A       100%        3
 Sigil of Binding         Hex            0%         N/A       100%        3
 Vampiric Draining        Necr           0%         2d6       100%        3
 Airstrike                Air            0%         2d(0-16)  100%        4
 Dimensional Bullseye     Hex/Tloc       0%         N/A       100%        4
 Summon Lightning Spire   Summ/Air       0%         N/A       100%        4


Dungeon Overview and Level Annotations

Branches:
Dungeon (3/15)

Altars:

Shops:
D:2 :(=

Annotations:
D:2 Natasha


Innate Abilities, Weirdness & Mutations

You have a pair of horns on your head.
You reflexively headbutt those who attack you in melee.


Message History

Aim: a bombardier beetle (chance to affect: 49%)
The bombardier beetle suddenly stops moving!
The liquid fire burns you!
The helpless bombardier beetle fails to defend itself.
You hit the bombardier beetle.
The bombardier beetle is moderately wounded.
The liquid fire burns you!
* * * LOW HITPOINT WARNING * * *
The helpless bombardier beetle fails to defend itself.
You slash the bombardier beetle!
You headbutt the bombardier beetle, but do no damage.
The bombardier beetle is almost dead.
The liquid fire burns you!
* * * LOW HITPOINT WARNING * * *
Natasha claws you but does no damage.
Okay, then.
It was a potion of ambrosia.
You are confused.
You feel invigorated. The liquid fire burns you!
* * * LOW HITPOINT WARNING * * *
Natasha claws you but does no damage.
You hit the bombardier beetle.
You kill the bombardier beetle!
You closely miss Natasha. The liquid fire burns you!
* * * LOW HITPOINT WARNING * * *
Natasha stares at you and mumbles some strange words.
You feel yourself slow down.
Your Axes skill increases to level 5!
The liquid fire burns you!
* * * LOW HITPOINT WARNING * * *
Natasha casts a spell at you. The magic dart hits you!
* * * LOW HITPOINT WARNING * * *
Natasha claws you but does no damage.
You shake off some of the fire as you move.
You climb upwards.
The liquid fire burns you!
You die...

#####.......#
#.###'###.#.#.#
............#
#.#.........#.# #
######......#
#.#.#.#####.#.# #
#......#
#.#.#....##.#.####
#......#
#.#....#....#..... #
######.##
#.#....######..### #
#..###.#....#####...#
#
##........)........##
# ####.........####.#
# ##h......## #.# #
#@......# #.# #
##......# #.# #
##'###### #.# #
#......# #.# #
######.# #.# # #.#
#.# #.# #.# #.# #.#
#.# #.# #.# #.#
#.####.#


You could see Natasha.

Vanquished Creatures
  Sigmund (D:2)
  A bombardier beetle (D:3)
  A ribbon worm (D:2)
  4 bats
  8 endoplasms
  2 giant cockroaches
  2 hobgoblins
  3 kobolds
  5 quokkas
  3 ball pythons
  2 frilled lizards
  7 rats
39 creatures vanquished.

Notes
Turn   | Place    | Note
-------+----------+-------------------------------------------
     0 | D:1      | Sadicadict the Minotaur Fighter began the quest for the
                  | Orb.
     0 | D:1      | Reached XP level 1. HP: 19/19 MP: 0/0
   469 | D:1      | Reached XP level 2. HP: 27/27 MP: 1/1
  1090 | D:2      | Found Ruuded's Antique Weapon Shoppe.
  1112 | D:2      | Found Ularobaff's Book Emporium.
  1185 | D:2      | Reached skill level 3 in Axes
  1240 | D:2      | Found Tissumm's Jewellery Emporium.
  1260 | D:2      | Reached XP level 3. HP: 33/33 MP: 2/2
  1732 | D:2      | Noticed Sigmund
  1745 | D:2      | Killed Sigmund
  1746 | D:2      | Reached skill level 4 in Axes
  1746 | D:2      | Reached XP level 4. HP: 41/41 MP: 3/3
  1746 | D:2      | Reached XP level 5. HP: 47/47 MP: 4/4
  1979 | D:3      | Noticed Natasha
  1986 | D:3      | Reached skill level 5 in Axes
  1986 | D:3      | HP: 2/47 [burnt (8)]
  1987 | D:2      | Incinerated by a bombardier beetle

Illustrated notes

Levels and vault maps discovered:
D:1:      dpeg_arrival_solitude, layout_basic, minivault_24
D:2:      layout_basic, serial_shops, shop, nicolae_square_shop, shop,
          uniq_sigmund
D:3:      layout_rooms, uniq_natasha, uniq_terence

Skill      XL: |  1  2  3  4  5 |
---------------+----------------+-----
Shields        | 4 |  4.8
Axes           | 3 4 5 |  5.1
Fighting       | 4 |  4.4
Armour         | 4 |  4.7
Dodging        | |  0.4
Stealth        | |  0.8

Action                     |  1- 3 |  4- 6 || total
---------------------------+-------+-------++-------
  Melee: War axe           |    72 |    15 ||    87
         Headbutt          |     9 |     4 ||    13
  Throw: Throwing net      |     1 |     1 ||     2
  Evoke: Wand              |     1 |     2 ||     3
    Use: Scroll            |       |     1 ||     1
         Potion            |       |     1 ||     1
   Stab: Paralysed         |     2 |     2 ||     4
 Armour: Scale mail        |    26 |       ||    26
         Plate armour      |    19 |    12 ||    31
  Dodge: Dodged            |    16 |     5 ||    21
  Block: Buckler           |    24 |     4 ||    28
